 Dungeon Crawl Stone Soup version 0.25-a0-403-g49d089a364 (webtiles) character file.

Game seed: 11064173026849196320, levelgen mode: deterministic

7056 kae the Zephyrmancer (level 10, -1/69 HPs)
             Began as a Red Draconian Air Elementalist on Jan 9, 2020.
             Slain by a queen bee (15 damage)
             ... on level 8 of the Dungeon.
             The game lasted 00:18:46 (11535 turns).

kae the Zephyrmancer (DrAE)                        Turns: 11535, Time: 00:18:46

Health: -1/69      AC: 13    Str: 11    XL:     10   Next: 83%
Magic:  1/20       EV: 12    Int: 19    God:
Gold:   338        SH:  0    Dex: 11    Spells: 7/22 levels left

rFire    + . .     SeeInvis .   g - staff of cold
rCold    + . .     Gourm    .   (no shield)
rNeg     . . .     Faith    .   (armour unavailable)
rPois    .         Spirit   .   (helmet restricted)
rElec    .         Reflect  .   (no cloak)
rCorr    .         Harm     .   u - +0 pair of gloves
MR       .....                  (no boots)
Stlth    +++.......             (no amulet)
HPRegen  0.21/turn              a - +5 ring of protection
MPRegen  0.17/turn              r - ring of stealth

@: lethally poisoned (-1 -> -9)
A: breathe fire, unfitting armour, fire resistance 1, cold-blooded, AC +7
a: Breathe Fire


You were on level 8 of the Dungeon.
You were not hungry.

You visited 2 branches of the dungeon, and saw 9 of its levels.
You also visited: Ossuary.

You collected 338 gold pieces.

Inventory:

Hand Weapons
 o - a +1 mace
Armour
 u - a +0 pair of gloves (worn)
Magical Staves
 g - an uncursed staff of cold (weapon)
Jewellery
 a - a +5 ring of protection (left hand)
 k - an uncursed ring of protection from cold
 r - a ring of stealth (right hand)
Scrolls
 c - 4 scrolls of enchant armour
 d - 2 scrolls of amnesia
 h - 7 scrolls of teleportation
 i - 5 scrolls of remove curse
 j - 3 scrolls of blinking
 p - 6 scrolls of identify
 q - a scroll of fear
 v - a scroll of fog {unknown}
Potions
 e - 2 potions of degeneration
 f - 5 potions of curing
 l - 3 potions of might
 m - 2 potions of brilliance
 n - 2 potions of mutation
 s - a potion of flight
 t - a potion of berserk rage
 w - a potion of ambrosia
Comestibles
 b - 10 rations


   Skills:
 - Level 1.7 Dodging
 - Level 1.7 Stealth
 + Level 6.7 Spellcasting
 * Level 10.7 Conjurations
 * Level 11.1 Air Magic


You had 7 spell levels left.
You knew the following spells:

 Your Spells              Type           Power        Failure   Level  Hunger
a - Shock                 Conj/Air       ####         1%          1    None
b - Static Discharge      Conj/Air       #####...     1%          3    ##.....
c - Swiftness             Chrm/Air       ####....     1%          2    None
d - Airstrike             Air            #####.....   1%          4    ####...
e - Lightning Bolt        Conj/Air       #####.....   3%          5    #####..

Your spell library contained the following spells:

 Spells                   Type           Power        Failure   Level  Hunger
 Infusion                 Chrm           #...         11%         1    None
 Shroud of Golubria       Chrm/Tloc      #.....       16%         2    None
 Song of Slaying          Chrm           #.......     16%         2    None
 Ozocubu's Armour         Chrm/Ice       #.......     30%         3    ##.....
 Spectral Weapon          Hex/Chrm       #.......     30%         3    ##.....


Dungeon Overview and Level Annotations

Branches:
Dungeon (8/15)             Temple (1/1) D:4         Ossuary (visited)
   Lair: D:8-11

Altars:
Ashenzari
Cheibriados
Dithmenos
Elyvilon
Fedhas
Gozag
Hepliaklqana
Kikubaaqudgha
Makhleb
Nemelex Xobeh
Okawaru
Qazlal
Ru
Sif Muna
Trog
Uskayaw
Vehumet
Wu Jian
Xom
Yredelemnul
Zin
The Shining One


Innate Abilities, Weirdness & Mutations

You can breathe blasts of fire.
Your fiery red scales are hard. (AC +7)
You cannot fit into any form of body armour.
Your flesh is heat resistant. (rF+)
You are cold-blooded and may be slowed by cold attacks.


Message History

The queen bee is almost dead.
You feel sick. The queen bee stings you! x2
Casting: Static Discharge (safe; 1% risk of failure)
Confirm with . or Enter, or press ? or * to list all spells.
You don't have enough magic to cast that spell.
You hit the queen bee but do no damage.
The queen bee is almost dead.
You feel sick. The queen bee stings you!
* * * LOW HITPOINT WARNING * * *
Casting: Static Discharge (safe; 1% risk of failure)
Confirm with . or Enter, or press ? or * to list all spells.
Aiming: Shock (safe; 1% risk of failure)
Press: ? - help, Shift-Dir - straight line, f/p - ogre
Aim: an ogre, wielding a +0 giant club (severely wounded)
The zap hits the queen bee.
The queen bee is almost dead.
The zap hits the ogre.
The ogre is almost dead.
You feel sick. The queen bee stings you!
You die...

#..#.# #..#.#
#..#.# #..#.#
#..#.#
########..#.#
#.†.......#.#
#.######....###
#.....@yO.....#
#....†####.....#
#....# ###......
#...#. ..)##.
#..###. #..#
#..# #% ..# #.
..# #


You could see a queen bee and an ogre.

Vanquished Creatures
  2 two-headed ogres
  A troll (D:8)
  Grinder (D:4)
  Prince Ribbit (D:6)
  3 yaks
  Duvessa (D:4)
  An ice beast (D:7)
  3 orc warriors
  4 phantoms
  2 sky beasts
  5 ogres
  7 centaurs
  An elf zombie (Ossuary)
  3 bullfrogs
  A wyvern zombie (D:7)
  Dowan (D:4)
  2 scorpions (D:7)
  A water moccasin skeleton (D:6)
  17 killer bees
  3 howler monkeys (D:8)
  2 crimson imps (D:5)
  3 centaur zombies (Ossuary)
  A quasit (D:3)
  3 orc priests
  A human zombie (Ossuary)
  7 hounds
  10 orc wizards
  A centaur skeleton (D:8)
  2 iguanas
  4 worker ants
  2 ogre zombies (Ossuary)
  A hound skeleton (D:4)
  7 mummies (Ossuary)
  A howler monkey zombie (D:8)
  4 gnolls (D:7)
  7 adders
  A shadow imp (D:5)
  2 oozes (D:1)
  4 adder zombies (Ossuary)
  A worm (D:3)
  2 dart slugs (D:1)
  2 leopard geckos
  23 orcs
  6 bats
  7 giant cockroaches
  6 goblins
  7 hobgoblins
  2 jackals (D:1)
  6 quokkas
  2 ball pythons
  9 frilled lizards
  A goblin zombie (Ossuary)
  6 hobgoblin zombies (Ossuary)
  A jackal skeleton (D:5)
  3 kobolds
  5 kobold zombies (Ossuary)
  3 quokka zombies (Ossuary)
  9 rats
  4 rat zombies (Ossuary)
228 creatures vanquished.

Vanquished Creatures (collateral kills)
  A necrophage (D:6)
  3 jackals (D:6)
4 creatures vanquished.

Grand Total: 232 creatures vanquished

Notes
Turn   | Place    | Note
-------+----------+-------------------------------------------
     0 | D:1      | kae the Draconian Air Elementalist began the quest for the
                  | Orb.
     0 | D:1      | Reached XP level 1. HP: 14/14 MP: 3/3
    79 | D:1      | Reached XP level 2. HP: 14/20 MP: 0/5
   492 | D:1      | You fall into a shaft and drop 1 floor!
   820 | D:1      | Reached XP level 3. HP: 22/26 MP: 4/6
  1213 | D:2      | Learned a level 3 spell: Static Discharge
  1216 | D:2      | Learned a level 2 spell: Swiftness
  1595 | D:3      | Found a bloodstained altar of Trog.
  1646 | D:3      | Reached skill level 4 in Air Magic
  1646 | D:3      | Reached XP level 4. HP: 20/33 MP: 7/7
  2439 | D:4      | Found a staircase to the Ecumenical Temple.
  2467 | Temple   | Entered the Ecumenical Temple
  2615 | D:4      | Reached XP level 5. HP: 12/38 MP: 3/9
  2860 | D:4      | Noticed Grinder
  2876 | D:4      | Paralysed by Grinder for 5 turns
  2893 | D:4      | Paralysed by Grinder for 7 turns
  2902 | D:4      | Killed Grinder
  2902 | D:4      | Reached skill level 5 in Air Magic
  2902 | D:4      | Reached XP level 6. HP: 18/45 MP: 1/10
  3308 | D:4      | Noticed Dowan
  3464 | D:4      | Noticed Duvessa
  3606 | D:4      | Killed Dowan
  3606 | D:4      | Your scales start taking on a fiery red colour.
  3606 | D:4      | Reached XP level 7. HP: 43/50 MP: 0/11
  3606 | D:4      | Gained mutation: Your flesh is heat resistant. (rF+) [Red
                  | Draconian growth]
  3908 | D:4      | Killed Duvessa
  3908 | D:4      | Reached skill level 5 in Conjurations
  4164 | D:4      | Reached skill level 6 in Air Magic
  4167 | D:4      | Found a blossoming altar of Fedhas.
  4167 | D:4      | Found a glowing silver altar of Zin.
  4172 | D:4      | Found a radiant altar of Vehumet.
  4174 | D:4      | Found an ancient bone altar of Kikubaaqudgha.
  4176 | D:4      | Found a shattered altar of Ashenzari.
  4240 | D:5      | Entered Level 5 of the Dungeon
  4470 | D:5      | Found a bloodstained altar of Trog.
  4483 | D:5      | Learned a level 4 spell: Airstrike
  5193 | D:5      | Reached XP level 8. HP: 57/57 MP: 7/13
  5591 | D:5      | Reached skill level 7 in Air Magic
  5960 | D:6      | Learned a level 5 spell: Lightning Bolt
  6425 | D:6      | Reached skill level 8 in Air Magic
  6502 | D:6      | Noticed Prince Ribbit
  6505 | D:6      | Killed Prince Ribbit
  6505 | D:6      | Reached XP level 9. HP: 62/62 MP: 5/15
  7102 | D:7      | Reached skill level 5 in Spellcasting
  7188 | D:7      | Found a sand-covered staircase.
  7195 | Ossuary  | Entered an ossuary
  7619 | Ossuary  | Reached skill level 9 in Air Magic
  8178 | D:7      | Found a sparkling altar of Nemelex Xobeh.
  8793 | D:7      | Noticed a two-headed ogre
  8831 | D:7      | Killed a two-headed ogre
  8831 | D:7      | Reached XP level 10. HP: 45/69 MP: 1/18
  9448 | D:8      | Reached skill level 10 in Air Magic
 10369 | D:8      | Reached skill level 10 in Conjurations
 10967 | D:8      | Noticed a two-headed ogre
 10987 | D:8      | HP: 2/69 [two-headed ogre/+0 dire flail (19)]
 11347 | D:8      | Killed a two-headed ogre
 11347 | D:8      | Reached skill level 11 in Air Magic
 11535 | D:8      | Slain by a queen bee

Levels and vault maps discovered:
D:1:      lightli_arrival_chessboard, layout_basic
D:2:      layout_rooms
D:3:      layout_loops_ring, trog_three_pillars_becter
D:4:      layout_basic, chequers_temple_overflow_minitemple,
          minmay_temple_entry_butterflies, uniq_grinder, uniq_duvessa
D:5:      layout_basic, first_ration, trog_butcher_becter
D:6:      layout_basic, kennysheep_generic_room_16, uniq_prince_ribbit1
D:7:      layout_basic, nemelex_xobeh_ov_fountains_minmay, enter_ossuary_2
D:8:      layout_basic, david_nohive_1
Temple:   lightli_temple_of_artemis

Skill      XL: |  1  2  3  4  5  6  7  8  9 10 |
---------------+-------------------------------+-----
Conjurations   | 2 3 4 6 7 9 10 | 10.7
Air Magic      | 4 5 6 8 9 11 | 11.1
Spellcasting   | 3 4 5 6 |  6.7
Dodging        | |  1.7
Stealth        | |  1.7

Action                   |  1- 3 |  4- 6 |  7- 9 | 10-12 || total
-------------------------+-------+-------+-------+-------++-------
Melee: Unarmed           |   145 |    38 |       |       ||   183
       Tailslap          |    12 |     3 |    34 |     9 ||    58
       Mace              |       |    40 |       |       ||    40
       Staff             |       |    28 |   314 |    75 ||   417
 Cast: Shock             |    46 |    41 |   164 |   101 ||   352
       Static Discharge  |     2 |     7 |    30 |    35 ||    74
       Airstrike         |       |       |    31 |    18 ||    49
       Swiftness         |       |       |     1 |     1 ||     2
       Lightning Bolt    |       |       |       |     1 ||     1
 Abil: Breathe Fire      |       |       |     4 |       ||     4
  Use: Scroll            |     6 |     5 |     6 |     2 ||    19
       Potion            |     5 |     2 |     2 |     1 ||    10
 Stab: Sleeping          |     1 |     1 |     9 |     1 ||    12
  Eat: Chunk             |     3 |     7 |    16 |     5 ||    31
       Ration            |       |       |     3 |     2 ||     5
Armor: Skin              |    85 |    62 |   211 |    76 ||   434
Dodge: Dodged            |   156 |    73 |   251 |   101 ||   581

Table legend:
 A = Non-vault XP
 B = Vault XP
 C = Vault XP percentage of total XP
 D = Non-vault monster count
 E = Vault monster count
 F = Vault count percentage of total count
                 A         B        C        D         E       F
            +---------+---------+-------+---------+---------+-------
      Total |    7958 |    2123 |  21.1 |     173 |      59 |  25.4
            +---------+---------+-------+---------+---------+-------
        D:1 |      55 |       0 |   0.0 |      25 |       0 |   0.0
        D:2 |      28 |       0 |   0.0 |      11 |       0 |   0.0
        D:3 |      80 |       0 |   0.0 |      14 |       0 |   0.0
        D:4 |     233 |     506 |  68.5 |      10 |       3 |  23.1
        D:5 |     796 |       8 |   1.0 |      30 |       4 |  11.8
        D:6 |    1097 |     314 |  22.3 |      20 |       2 |   9.1
        D:7 |    2416 |       0 |   0.0 |      30 |       0 |   0.0
        D:8 |    3253 |     793 |  19.6 |      33 |      13 |  28.3
    Ossuary |       0 |     502 | 100.0 |       0 |      37 | 100.0
            +---------+---------+-------+---------+---------+-------
